 Dungeon Crawl Stone Soup version 0.31-a0-236-g9a0961fb85 (webtiles) character file.

Game seed: 17948675170060312404

74 qw the Shooter (level 4, -2/26 HPs)
             Began as a Gargoyle Hexslinger on July 10, 2023.
             Slain by an orc wizard
             ... wielding a +0 dagger
              (4 damage)
             ... on level 3 of the Dungeon.
             The game lasted 00:00:37 (1549 turns).

qw the Shooter (Gargoyle Hexslinger)                Turns: 1549, Time: 00:00:38

Health: -2/26      AC:  5    Str: 11    XL:     4   Next: 30%
Magic:  5/5        EV: 12    Int: 14    God:
Gold:   100        SH:  5    Dex: 14    Spells: 4/5 levels left

rFire   . . .        Y - +1 sling
rCold   . . .        (no shield)
rNeg    + . .        c - +0 robe
rPois   inf          (no helmet)
rElec   +            (no cloak)
rCorr   .            (no gloves)
SInv    .            (no boots)
Will    .....        d - amulet of reflection
Stlth   +            (no ring)
HPRegen 0.24/turn    (no ring)
MPRegen 0.09/turn

%: reflection
@: no status effects
A: sickness immunity, AC +3, negative energy resistance 1, electricity
resistance, torment resistance 1, petrification resistance
a: no special abilities


You were on level 3 of the Dungeon.
You visited 1 branch of the dungeon, and saw 3 of its levels.

You collected 100 gold pieces.


Innate Abilities, Weirdness & Mutations

You are immune to sickness and miasma.
Your stone body is resilient. (AC +3)
You are immune to poison.
You resist negative energy. (rN+)
You are resistant to electric shocks. (rElec)
You are resistant to unholy torment.
You are immune to petrification.


   Skills:
 - Level 2.0 Fighting
 + Level 4.1 Ranged Weapons
 - Level 1.5 Dodging
 - Level 1.0 Spellcasting
 - Level 2.6 Hexes


You had 4 spell levels left.
You knew the following spells:

 Your Spells              Type           Power      Damage    Failure   Level
a - Slow                  Hex            32%        N/A       9%          1

Your spell library contained the following spells:

 Spells                   Type           Power      Damage    Failure   Level
 Inner Flame              Hex/Fire       4%         N/A       41%         3
 Portal Projectile        Hex/Tloc       8%         N/A       41%         3
 Cause Fear               Hex            4%         N/A       65%         4

Inventory:

Hand Weapons
 Y - a +1 sling (weapon)
Armour
 c - a +0 robe (worn)
Jewellery
 d - an amulet of reflection (around neck)
Scrolls
 a - a scroll of enchant armour
Potions
 b - a potion of brilliance {unknown}
 e - a potion of curing {unknown}
 f - a potion of lignification {unknown}
 g - a potion of attraction {unknown}
 h - a potion of berserk rage {unknown}

Dungeon Overview and Level Annotations

Branches:
Dungeon (3/15)

Altars:


Message History

The sling bullet closely misses the orc wizard.
The orc wizard hits you with a +0 dagger.
The orc hits you but does no damage.
You shoot a sling bullet.
The sling bullet closely misses the orc wizard.
The orc wizard barely misses you. The orc hits you with a +0 club.
You shoot a sling bullet. The sling bullet hits the orc wizard.
The orc wizard is moderately wounded.
You block the orc wizard's attack. The orc misses you.
The orc closely misses you. The orc wizard barely misses you.
You shoot a sling bullet. The sling bullet hits the orc wizard.
The orc wizard is heavily wounded.
The orc wizard points at you and mumbles some strange words.
You are confused.
The orc closely misses you.
The orc wizard gestures at you while chanting.
The magic dart hits you. The orc closely misses you.
The orc wizard barely misses you. The orc hits you but does no damage.
The orc wizard hits you but does no damage.
The orc misses you.
The orc wizard hits you with a +0 dagger.
The orc hits you but does no damage.
You feel less confused. You block the orc wizard's attack.
The orc hits you with a +0 club.
You shoot a sling bullet.
The sling bullet closely misses the orc wizard.
The orc wizard barely misses you. You block the orc's attack.
You shoot a sling bullet. The sling bullet misses the orc wizard.
The orc wizard points at you and mumbles some strange words.
The magic dart hits you. The orc closely misses you.
You shoot a sling bullet.
The sling bullet barely misses the orc wizard.
The orc wizard casts a spell.
The orc wizard flickers and vanishes!
Deactivating autopickup; reactivate with Ctrl-A.
You block the orc's attack.
You shoot a sling bullet. The sling bullet hits the orc!
The orc is almost dead.
Something hits you.
You die...

#. #.# .. #
#$# ##
#.##..###.#
#.......#.#
........o.#
#.#.@{.# . #
#.##.#?.....
..#. #(##.#
#####
.....##.##.#
.......<##.#
.#.........#
##.###.####
# #.# .#.


You could see an orc.

Vanquished Creatures
  2 adders (D:2)
  2 dart slugs (D:1)
  An orc (D:3)
  4 bats (D:1)
  5 endoplasms
  3 giant cockroaches (D:1)
  4 goblins
  6 hobgoblins
  3 jackals (D:1)
  4 ball pythons
  3 frilled lizards (D:1)
  5 kobolds
  5 rats (D:1)
47 creatures vanquished.

Notes
Turn   | Place    | Note
-------+----------+-------------------------------------------
     0 | D:1      | qw the Gargoyle Hexslinger began the quest for the Orb.
     0 | D:1      | Reached XP level 1. HP: 12/12 MP: 2/2
     0 | D:1      | 0 ||| qw: Version: 0.3-a-52-g30416fa
     0 | D:1      | 0 ||| qw: Game counter: 4916
     0 | D:1      | 0 ||| qw: Melee chars always use a shield: true
     0 | D:1      | 0 ||| qw: God list: Okawaru
     0 | D:1      | 0 ||| qw: Allow faded altars: false
     0 | D:1      | 0 ||| qw: Do Orc after clearing Dungeon:15 true
     0 | D:1      | 0 ||| qw: Do second Lair branch before Depths: true
     0 | D:1      | 0 ||| qw: Lair rune preference: random
     0 | D:1      | 0 ||| qw: Goals: Normal
     0 | D:1      | 0 ||| PLANNING D:1-11
    96 | D:1      | Reached XP level 2. HP: 16/16 MP: 3/3
   113 | D:1      | 113 ||| FLEEEEING.
   114 | D:1      | 114 ||| FLEEEEING.
   138 | D:1      | Reached skill level 3 in Ranged Weapons
   205 | D:1      | Reached XP level 3. HP: 20/21 MP: 4/4
   754 | D:1      | 754 ||| UPGRADING to amulet of reflection.
   759 | D:1      | 759 ||| READING scroll labelled XALLU YFUEHOGH.
   760 | D:1      | 760 ||| READING scroll labelled WIEKLY URUZIVU.
   761 | D:1      | 761 ||| READING scroll labelled FIESHUROXUX.
   762 | D:1      | 762 ||| READING scroll labelled LOAVUA CEQE.
   763 | D:1      | 763 ||| DROPPING scroll of poison.
   977 | D:2      | Reached skill level 4 in Ranged Weapons
   977 | D:2      | Reached XP level 4. HP: 26/26 MP: 5/5
  1485 | D:2      | 1485 ||| READING 2 scrolls labelled ECIBUAP JEKK.
  1486 | D:2      | 1486 ||| READING scroll labelled ZAHYFE GERAAMN.
  1545 | D:3      | HP: 5/26 [orc/+0 club (3)]
  1547 | D:3      | HP: 1/26 [orc wizard/magic dart (5)]
  1549 | D:3      | Slain by an orc wizard

Levels and vault maps discovered:
D:1:      erik_arrival_triangle_small, layout_loops_ring, minmay_hexomino_u4
D:2:      layout_loops_ring
D:3:      layout_loops_ring, dilly_ecumenical_altar_fadedgnrine, serial_shops,
          shop, chequers_serial_rivers_micro_d

Skill      XL: |  1  2  3 |
---------------+----------+-----
Ranged Weapons | 3 4 |  4.1
Fighting       | 2 |  2.0
Dodging        | |  1.5
Spellcasting   | |  1.0
Hexes          | |  2.6

Action                     |  1- 3 |  4- 6 || total
---------------------------+-------+-------++-------
   Fire: Sling             |   121 |    31 ||   152
    Use: Scroll            |     4 |     2 ||     6
 Armour: Robe              |    29 |     9 ||    38
  Dodge: Dodged            |    53 |    15 ||    68
  Block: Other             |    10 |     7 ||    17

Table legend:
 A = Non-vault XP
 B = Vault XP
 C = Vault XP percentage of total XP
 D = Non-vault monster count
 E = Vault monster count
 F = Vault count percentage of total count
                 A         B        C        D         E       F
            +---------+---------+-------+---------+---------+-------
      Total |      97 |      10 |   9.3 |      41 |       6 |  12.8
            +---------+---------+-------+---------+---------+-------
        D:1 |      50 |      10 |  16.7 |      29 |       6 |  17.1
        D:2 |      44 |       0 |   0.0 |      11 |       0 |   0.0
        D:3 |       3 |       0 |   0.0 |       1 |       0 |   0.0
            +---------+---------+-------+---------+---------+-------
